 Dungeon Crawl Stone Soup version 0.21.1-1-g345015fe64 (webtiles) character file.

4103 Revguard the Chopper (level 10, -8/77 HPs)
             Began as a Demonspawn Fighter on June 9, 2018.
             Was a Priest of Makhleb.
             Mangled by a two-headed ogre
             ... wielding a +0 giant club
              (14 damage)
             ... on level 8 of the Dungeon.
             The game lasted 00:41:43 (8424 turns).

Revguard the Chopper (Demonspawn Fighter)           Turns: 8424, Time: 00:41:44

Health: -8/77      AC: 16    Str: 27    XL:     10   Next: 6%
Magic:  0/13       EV:  7    Int: 10    God:    Makhleb [***...]
Gold:   237        SH: 11    Dex: 11    Spells: 9/9 levels left

rFire    . . .     SeeInvis .   a - +1 war axe
rCold    . . .     Gourm    .   c - +0 shield
rNeg     . . .     Faith    .   g - +0 plate armour
rPois    .         Spirit   +   (helmet restricted)
rElec    .         Reflect  .   (no cloak)
rCorr    .         Harm     .   i - +0 pair of gloves
MR       +....     Clarity  +   (no boots)
Stlth    ..........             (no amulet)
HPRegen  0.22/turn              h - +4 ring of strength
MPRegen  0.13/turn              q - +4 ring of strength

@: no status effects
A: antennae 1, hooves 1, rugged brown scales 2, clarity, clumsy 1, magic
resistance 1, nightstalker 2, magic shield
a: Minor Destruction, Lesser Servant of Makhleb, Renounce Religion


You were on level 8 of the Dungeon.
You worshipped Makhleb.
Makhleb was most pleased with you.
You were not hungry.

You visited 2 branches of the dungeon, and saw 9 of its levels.

You collected 429 gold pieces.
You spent 192 gold pieces at shops.

Inventory:

Hand Weapons
 a - a +1 war axe (weapon)
Missiles
 r - 8 tomahawks of returning (quivered)
Armour
 c - a +0 shield (worn)
 g - a +0 plate armour (worn)
 i - a +0 pair of gloves (worn)
Jewellery
 h - a +4 ring of strength (left hand)
 q - a +4 ring of strength (right hand)
Wands
 d - a wand of iceblast (9)
 m - a wand of flame (23)
 t - a wand of acid (6)
Scrolls
 f - a scroll of fog
 j - 6 scrolls of teleportation
 k - a scroll of enchant weapon
 l - 3 scrolls of remove curse
 o - a scroll of enchant armour
 p - a scroll of fear {unknown}
 s - a scroll of blinking
 x - a scroll of magic mapping
 y - a scroll of vulnerability {unknown}
Potions
 b - a potion of berserk rage
 e - a potion of brilliance
 n - 3 potions of might
 v - a potion of magic
 z - a potion of curing


   Skills:
 + Level 5.2 Fighting
 + Level 7.4 Axes
 - Level 1.0 Throwing
 * Level 6.3 Armour
 - Level 2.7 Dodging
 + Level 6.6 Shields
 * Level 5.2 Invocations
 * Level 3.9 Evocations


You had 9 spell levels left.
You didn't know any spells.

Dungeon Overview and Level Annotations

Branches:
Dungeon (8/15)             Temple (1/1) D:6            Lair (0/6) D:8

Altars:
Ashenzari
Cheibriados
Dithmenos
Elyvilon
Fedhas
Hepliaklqana
Kikubaaqudgha
Makhleb
Nemelex Xobeh
Okawaru
Qazlal
Sif Muna
Trog
Uskayaw
Wu Jian
Xom
Yredelemnul
Zin
The Shining One

Shops:
D:4 ?   D:6 =(!   D:7 }

Annotations:
D:3 1 transporter


Innate Abilities, Weirdness & Mutations

You have a pair of small antennae on your head.
You are mostly covered in rugged brown scales. (AC +2, +5% HP)
You are significantly more attuned to the shadows.
When hurt, damage is shared between your health and your magic reserves.
You have large cloven feet.
You possess an exceptional clarity of mind.
You are clumsy. (Dex -2)
You are resistant to hostile enchantments. (MR+)


Message History

The two-headed ogre is moderately wounded.
The two-headed ogre closely misses you.
The two-headed ogre hits you with a giant spiked club!!
You slash the two-headed ogre!
You kick the two-headed ogre, but do no damage.
The two-headed ogre is heavily wounded.
The two-headed ogre hits you with a giant club.
You block the two-headed ogre's attack.
You closely miss the two-headed ogre. Your kick misses the two-headed ogre.
The two-headed ogre is heavily wounded.
The two-headed ogre hits you with a giant club!
You block the two-headed ogre's attack.
Press: ? - help, Shift-Dir - straight line, f - two-headed ogre
Aim: a two-headed ogre, wielding a giant club and a giant spiked club (heavily wounded)
The stone arrow hits the two-headed ogre.
The two-headed ogre is heavily wounded.
The two-headed ogre hits you with a giant club!!
* * * LOW HITPOINT WARNING * * *
The two-headed ogre hits you with a giant spiked club!
You die...

#.# #.########.#
###.# #...........
#.<.# #########..#
#.### ######..# ##.#
#(..)(... ...
.....####).. .#.#
############.#
#.#.###..^..........
# #@O.......########
#.###.###.# ##.
..#.##.###.# #.. #.#
#....##.# #.. #.#
##...##.# #... .#
##..##.# #...
#.....O.. #....
#.#..##.#. #....
#...... # #....


You could see a two-headed ogre.

Vanquished Creatures
  A hippogriff (D:8)
  A wyvern (D:8)
  A yak (D:8)
  2 basilisks (D:8)
  A human (D:3)
  An ice beast (D:7)
  3 phantoms
  2 orc warriors
  3 sky beasts
  2 black bears (D:7)
  A hornet zombie (D:8)
  4 centaurs
  2 ogres
  A big kobold (D:7)
  5 bullfrogs
  A wight (D:3)
  6 howler monkeys
  A lava snake (D:7)
  3 crimson imps
  2 bullfrog zombies
  A centaur zombie (D:4)
  2 jellies
  A hound (D:4)
  An orc priest (D:4)
  A bullfrog skeleton (D:7)
  5 orc wizards
  5 worker ants
  A hound zombie (D:4)
  2 hound skeletons
  2 worker ant zombies (D:6)
  3 gnolls (D:5)
  12 adders
  An ooze (D:4)
  3 adder zombies
  4 worms
  4 dart slugs
  5 leopard geckos
  11 orcs
  A ball python (D:7)
  5 giant cockroaches
  5 goblins
  10 hobgoblins
  10 jackals
  8 kobolds
  7 quokkas
  9 bats
  5 frilled lizards
  A giant cockroach zombie (D:4)
  2 jackal skeletons
  2 jackal zombies
  A kobold zombie (D:3)
  A leopard gecko skeleton (D:3)
  A leopard gecko zombie (D:6)
  5 rats
  A fungus (D:8)
181 creatures vanquished.

Notes
Turn   | Place    | Note
-------+----------+-------------------------------------------
     0 | D:1      | Revguard the Demonspawn Fighter began the quest for the Orb.
     0 | D:1      | Reached XP level 1. HP: 18/18 MP: 1/1
   381 | D:1      | Gained mutation: You are partially covered in rugged brown scales. (AC +1, +3% HP) [demonic ancestry]
   381 | D:1      | Reached XP level 2. HP: 18/24 MP: 2/2
   861 | D:2      | Reached skill level 2 in Axes
   898 | D:2      | Gained mutation: You are slightly more attuned to the shadows. [demonic ancestry]
   898 | D:2      | Reached XP level 3. HP: 29/29 MP: 3/3
   903 | D:2      | Reached skill level 1 in Dodging
  1238 | D:2      | Gained mutation: You have a pair of small antennae on your head. [demonic ancestry]
  1238 | D:2      | Reached XP level 4. HP: 36/36 MP: 4/4
  1289 | D:2      | Found a burning altar of Makhleb.
  1319 | D:2      | Became a worshipper of Makhleb the Destroyer
  1371 | D:2      | Found a glowing golden altar of the Shining One.
  2094 | D:3      | Found a hide-covered altar of Uskayaw.
  2095 | D:3      | Noticed a hand axe
  2095 | D:3      | Noticed an enchanted hand axe
  2219 | D:3      | Reached XP level 5. HP: 42/42 MP: 5/5
  2577 | D:3      | Found a glowing silver altar of Zin.
  2578 | D:3      | Noticed an orc warrior
  2590 | D:3      | Found a transporter.
  2602 | D:3      | Found a transporter.
  2750 | D:3      | Found a runed door.
  2750 | D:3      | Noticed a human
  2760 | D:3      | Found a basalt altar of Yredelemnul.
  2785 | D:3      | Killed a human
  2785 | D:3      | Reached skill level 3 in Axes
  2785 | D:3      | Gained mutation: When hurt, damage is shared between your health and your magic reserves. [demonic ancestry]
  2785 | D:3      | Reached XP level 6. HP: 23/48 MP: 6/6
  3490 | D:3      | Killed an orc warrior
  3490 | D:3      | Reached * piety under Makhleb
  3774 | D:4      | Reached skill level 4 in Axes
  3776 | D:4      | Gained mutation: You are mostly covered in rugged brown scales. (AC +2, +5% HP) [demonic ancestry]
  3776 | D:4      | Reached XP level 7. HP: 26/55 MP: 4/7
  3987 | D:4      | Reached skill level 5 in Axes
  4067 | D:4      | Found an iron altar of Okawaru.
  4163 | D:4      | Found Loabb's Magic Scroll Shop.
  4164 | D:4      | Reached skill level 5 in Shields
  4210 | D:4      | Reached XP level 8. HP: 63/63 MP: 8/8
  4510 | D:5      | Entered Level 5 of the Dungeon
  4528 | D:5      | Found a sparkling altar of Nemelex Xobeh.
  4545 | D:5      | Found a shimmering altar of Xom.
  4837 | D:5      | Reached skill level 1 in Invocations
  5702 | D:6      | Found Tyudud's Jewellery Emporium.
  5739 | D:6      | Reached skill level 1 in Evocations
  5759 | D:6      | Reached skill level 1 in Throwing
  5771 | D:6      | Found Dobuob's Distillery.
  5782 | D:6      | Bought a potion of mutation for 96 gold pieces
  5782 | D:6      | Bought a potion of mutation for 96 gold pieces
  5783 | D:6      | Gained mutation: You occasionally shout uncontrollably at your foes. [potion of mutation]
  5783 | D:6      | Gained mutation: You have an increased reservoir of magic. (+10% MP) [potion of mutation]
  5784 | D:6      | Lost mutation: You occasionally shout uncontrollably at your foes. [potion of mutation]
  5784 | D:6      | Lost mutation: You have an increased reservoir of magic. (+10% MP) [potion of mutation]
  5784 | D:6      | Gained mutation: You have sharp toenails. [potion of mutation]
  5784 | D:6      | Gained mutation: Your system is resistant to poisons. (rPois) [potion of mutation]
  5784 | D:6      | Gained mutation: You are resistant to hostile enchantments. (MR+) [potion of mutation]
  5798 | D:6      | Found a snail-covered altar of Cheibriados.
  5800 | D:6      | Lost mutation: Your system is resistant to poisons. (rPois) [potion of mutation]
  5800 | D:6      | Lost mutation: You have sharp toenails. [potion of mutation]
  5800 | D:6      | Gained mutation: You possess an exceptional clarity of mind. [potion of mutation]
  5800 | D:6      | Gained mutation: You are clumsy. (Dex -2) [potion of mutation]
  5800 | D:6      | Gained mutation: You have large cloven feet. [potion of mutation]
  5975 | D:6      | Found Gufrimiv's Antique Weapon Emporium.
  6045 | D:6      | Found a shattered altar of Ashenzari.
  6101 | D:6      | Reached skill level 5 in Armour
  6316 | D:6      | Reached ** piety under Makhleb
  6371 | D:6      | Found a staircase to the Ecumenical Temple.
  6384 | Temple   | Entered the Ecumenical Temple
  6455 | D:6      | Reached skill level 6 in Axes
  6759 | D:7      | Reached XP level 9. HP: 14/69 MP: 4/11
  6768 | D:7      | HP: 3/69 [poisoned by an orc wizard]
  6778 | D:7      | HP: 3/69 [poisoned by an orc wizard]
  6784 | D:7      | HP: 3/69 [poisoned by an orc wizard]
  6792 | D:7      | HP: 2/69 [poisoned by an orc wizard]
  7402 | D:7      | Reached *** piety under Makhleb
  7627 | D:7      | Found a bloodstained altar of Trog.
  7687 | D:7      | Found Mef Zoosoiq's Gadget Boutique.
  8290 | D:8      | Reached skill level 7 in Axes
  8312 | D:8      | Found a staircase to the Lair.
  8327 | D:8      | Reached skill level 5 in Fighting
  8368 | D:8      | Reached skill level 5 in Invocations
  8376 | D:8      | Gained mutation: You are significantly more attuned to the shadows. [demonic ancestry]
  8376 | D:8      | Reached XP level 10. HP: 44/77 MP: 4/13
  8409 | D:8      | Noticed a two-headed ogre
  8424 | D:8      | Mangled by a two-headed ogre

Skill      XL: |  1  2  3  4  5  6  7  8  9 |
---------------+----------------------------+-----
Shields        | 3 4 5 6 |  6.6
Axes           | 2 3 4 5 6 7 |  7.4
Armour         | 3 4 5 6 |  6.3
Dodging        | 1 2 |  2.7
Fighting       | 4 5 |  5.2
Invocations    | 3 5 |  5.2
Evocations     | 2 3 |  3.9
Throwing       | 1 |  1.0

Action                   |  1- 3 |  4- 6 |  7- 9 | 10-12 || total
-------------------------+-------+-------+-------+-------++-------
Melee: War axe           |   126 |   286 |   424 |    15 ||   851
       Kick              |       |       |    89 |     7 ||    96
Invok: Minor Destruction |       |       |     1 |     1 ||     2
Evoke: Wand              |       |       |     2 |       ||     2
  Use: Scroll            |       |     9 |     8 |       ||    17
       Potion            |       |     4 |     3 |       ||     7
  Eat: Chunk             |     1 |     2 |       |       ||     3
       Ration            |       |     2 |     5 |       ||     7
Armor: Scale mail        |    22 |       |       |       ||    22
       Plate armour      |   108 |   226 |   334 |     8 ||   676
Dodge: Dodged            |    25 |    47 |    90 |     4 ||   166
Block: Shield            |    99 |   157 |   249 |    10 ||   515
